 Dungeon Crawl Stone Soup version 0.23.2-33-g5129a83184 (webtiles) character file.

Game seed: 4143563301788136714

36 psyvane the Poker (level 3, -5/28 HPs)
             Began as a Merfolk Skald on June 30, 2019.
             Slain by a kobold
             ... wielding a +0 trident
              (9 damage)
             ... on level 2 of the Dungeon.
             The game lasted 00:05:45 (1737 turns).

psyvane the Poker (Merfolk Skald)                   Turns: 1737, Time: 00:05:46

Health: -5/28      AC:  3    Str: 12    XL:     3   Next: 37%
Magic:  1/6        EV: 12    Int: 12    God:
Gold:   51         SH:  0    Dex: 13    Spells: 3/6 levels left

rFire    . . .     SeeInvis .   a - +0 spear
rCold    . . .     Gourm    .   (no shield)
rNeg     . . .     Faith    .   b - +0 leather armour
rPois    .         Spirit   .   (no helmet)
rElec    .         Reflect  .   (no cloak)
rCorr    .         Harm     .   (no gloves)
MR       .....                  (no boots)
Stlth    +.........             (no amulet)
HPRegen  0.09/turn              (no ring)
MPRegen  0.10/turn              (no ring)

@: infused
A: change form in water, swift swim, stealthy swim
a: no special abilities


You were on level 2 of the Dungeon.
You were not hungry.

You visited 1 branch of the dungeon, and saw 3 of its levels.

You collected 51 gold pieces.

Inventory:

Hand Weapons
 a - a +0 spear (weapon)
Armour
 b - a +0 leather armour (worn)
Scrolls
 c - a scroll of blinking {unknown}
 h - a scroll of identify {unknown}
 i - a scroll of amnesia {unknown}
 j - a scroll of teleportation {unknown}
Potions
 e - a potion of might {unknown}
 g - a potion of curing
Comestibles
 d - 4 rations
 f - a chunk of flesh


   Skills:
 - Level 2.3 Fighting
 * Level 4.5 Polearms
 - Level 0.6 Armour
 - Level 2.7 Dodging
 * Level 2.3 Spellcasting
 - Level 3.4 Charms


You had 3 spell levels left.
You knew the following spells:

 Your Spells              Type           Power        Failure   Level  Hunger
a - Infusion              Chrm           #...         9%          1    ##.....
b - Shroud of Golubria    Chrm/Tloc      #.........   26%         2    ###....

Your spell library contained the following spells:

 Spells                   Type           Power        Failure   Level  Hunger
 Song of Slaying          Chrm           #.......     12%         2    ###....
 Regeneration             Chrm/Necr      #.........   45%         3    ####...
 Spectral Weapon          Hex/Chrm       #.......     45%         3    ####...


Dungeon Overview and Level Annotations

Branches:
Dungeon (3/15)

Altars:
Dithmenos


Message History

It was a potion of curing.
You feel better.
You feel better. The kobold hits you but does no damage.
Found a leather armour.
You barely miss the kobold. The worm closely misses you.
The kobold barely misses you.
You barely miss the kobold. The kobold completely misses you.
Casting: Infusion (safe; 9% risk of failure)
Confirm with . or Enter, or press ? or * to list all spells.
You don't have enough magic to cast that spell.
Casting: Infusion (safe; 9% risk of failure)
Confirm with . or Enter, or press ? or * to list all spells.
You extend your infusion's duration.
The kobold closely misses you.
You closely miss the kobold. The kobold barely misses you. The worm bites you!
You closely miss the kobold. The kobold closely misses you.
The kobold hits you from afar with a +0 trident.
* * * LOW HITPOINT WARNING * * *
There is a stone staircase leading up here.
The kobold hits you from afar with a +0 trident!
You die...

###.#.#..#.###........
#.......##.# #....###.
#..........# #.K......
#..........# #..!.....
#.....#.##.####w......
+....w............###.
#....K#..#.#.###......
###.##....)....###..##.#
#......@#).#.....†.....#
#.#.##....()........##.#
# #.....(.#....#........
#...<..?#....#.#..)...
#.##....#.........##..
#+ #.......#.#.#......
................##..
..#.#............# .
..#.#.##.##.##.#.#


You could see a worm and a kobold.

Vanquished Creatures
  A worm (D:3)
  2 leopard geckos (D:2)
  2 giant cockroaches (D:1)
  2 goblins (D:1)
  4 hobgoblins
  2 jackals (D:1)
  A ball python (D:1)
  3 bats (D:1)
  2 frilled lizards (D:1)
  8 kobolds
  2 rats
29 creatures vanquished.

Vanquished Creatures (others)
  2 minotaurs (D:1)
  A draconian (D:1)
  2 gargoyles (D:1)
  A vine stalker (D:1)
  An elf (D:1)
  A troll (D:1)
  A spriggan (D:1)
  A vampire (D:1)
  A formicid (D:1)
  A human (D:1)
  A naga (D:1)
  An ogre (D:1)
  A mummy (D:1)
  4 tentacles (D:1)
19 creatures vanquished.

Grand Total: 48 creatures vanquished

Notes
Turn   | Place    | Note
-------+----------+-------------------------------------------
     0 | D:1      | psyvane the Merfolk Skald began the quest for the Orb.
     0 | D:1      | Reached XP level 1. HP: 16/16 MP: 3/3
     2 | D:1      | Noticed a spriggan
     2 | D:1      | Noticed a gargoyle
     2 | D:1      | Noticed a troll
     2 | D:1      | Noticed a minotaur
     2 | D:1      | Noticed a human
     2 | D:1      | Noticed a formicid
     2 | D:1      | Noticed an ogre
     2 | D:1      | Noticed a kraken
     2 | D:1      | Noticed a naga
     2 | D:1      | Noticed a vine stalker
     2 | D:1      | Noticed a gargoyle
     2 | D:1      | Noticed a draconian
     2 | D:1      | Noticed an elf
     2 | D:1      | Noticed a minotaur
     2 | D:1      | Noticed a vampire
     5 | D:1      | Killed an ogre
     7 | D:1      | Killed a formicid
     7 | D:1      | Killed a minotaur
     7 | D:1      | Killed a gargoyle
     8 | D:1      | Killed a spriggan
     8 | D:1      | Killed a gargoyle
    10 | D:1      | Killed a draconian
    10 | D:1      | Killed a troll
    11 | D:1      | Killed an elf
    11 | D:1      | Killed a human
    11 | D:1      | Killed a naga
    12 | D:1      | Killed a vine stalker
    12 | D:1      | Killed a minotaur
    15 | D:1      | Killed a vampire
   239 | D:1      | Reached XP level 2. HP: 21/22 MP: 5/5
   929 | D:1      | Learned a level 2 spell: Shroud of Golubria
  1006 | D:1      | Reached skill level 4 in Polearms
  1130 | D:2      | Reached XP level 3. HP: 28/28 MP: 6/6
  1409 | D:2      | Found a shadowy altar of Dithmenos.
  1737 | D:2      | Slain by a kobold

Skill      XL: |  1  2 |
---------------+-------+-----
Polearms       | 4 |  4.5
Fighting       | |  2.3
Armour         | |  0.6
Dodging        | |  2.7
Spellcasting   | |  2.3
Charms         | |  3.4

Action                   || total
-------------------------++-------
Melee: Spear             ||   143
 Cast: Infusion          ||     5
       Shroud of Golubri ||     3
  Use: Potion            ||     2
  Eat: Chunk             ||     3
Armor: Leather armour    ||    27
Dodge: Dodged            ||    89
